[Event "*** SCC Grand Prix: Titled Tuesday Blitz"]
[Site "Chess.com"]
[Date "2020.06.23"]
[Round "8"]
[White "dolynachess"]
[Black "mamey78"]
[Result "1/2-1/2"]
[WhiteElo "2449"]
[BlackElo "2345"]
[TimeControl "180+1"]
[EndTime "11:31:30 PDT"]
[Termination "Game drawn by repetition"]

1. d4 d5 2. c4 c6 3. Nc3 Nf6 4. Nf3 e6 5. g3 dxc4 6. Bg2 b5 7. O-O Bb7 8. e4 Nbd7 9. e5 Nd5 10. Ng5 Nxc3 11. bxc3 Be7 12. Qh5 g6 13. Qh6 Bf8 14.
Qh3 Be7 15. Qh6 Bf8 16. Qh3 Be7 17. Qh6 1/2-1/2

[Event "*** SCC Grand Prix: Titled Tuesday Blitz"]
[Site "Chess.com"]
[Date "2020.06.23"]
[Round "8"]
[White "Squirlolz"]
[Black "Lucas_Tomiello"]
[Result "1-0"]
[WhiteElo "2515"]
[BlackElo "2333"]
[TimeControl "180+1"]
[EndTime "11:31:55 PDT"]
[Termination "Squirlolz won by resignation"]

1. b3 Nf6 2. Bb2 g6 3. Bxf6 exf6 4. c4 Bg7 5. Nc3 f5 6. g3 O-O 7. Bg2 d6 8. e3 Nc6 9. Nge2 Bd7 10. d4 Re8 11. Qd2 a6 12. O-O Rb8 13. Rac1 b5 14. cxb5 axb5 15. Nxb5 Rxb5 16. Bxc6 Bxc6 17. Rxc6 h5 18.
Rfc1 Re7 19. Qc2 Rb7 20. Nf4 h4 21. Nd5 Rd7 22. Nxc7 Kh7 23. Nd5 h3 24. Nf4 1-0

[Event "*** SCC Grand Prix: Titled Tuesday Blitz"]
[Site "Chess.com"]
[Date "2020.06.23"]
[Round "8"]
[White "Bastiandash"]
[Black "QueenOfTactics90"]
[Result "0-1"]
[WhiteElo "2202"]
[BlackElo "1968"]
[TimeControl "180+1"]
[EndTime "11:31:55 PDT"]
[Termination "QueenOfTactics90 won by resignation"]

1. d4 Nf6 2. Nf3 e6 3. c3 d5 4. Bg5 c5 5. e3 Be7 6. Bd3 b6 7. O-O O-O 8. Nbd2 Bb7 9. Ne5 Nbd7 10. f4 Ne4 11. Bxe7 Qxe7 12. Rf3 f6 13. Nxd7 Qxd7 14. Rh3 g6 15. Nf3 Rae8 16. Qe1 Bc8 17. Rh6 Qg7 18. Qh4 Nd6 19. Qg3 Qxh6 0-1

[Event "*** SCC Grand Prix: Titled Tuesday Blitz"]
[Site "Chess.com"]
[Date "2020.06.23"]
[Round "8"]
[White "Gajuchess"]
[Black "keshka01"]
[Result "0-1"]
[WhiteElo "2750"]
[BlackElo "2594"]
[TimeControl "180+1"]
[EndTime "11:31:59 PDT"]
[Termination "keshka01 won by resignation"]

1. e4 Nf6 2. e5 Nd5 3. d4 d6 4.
Nf3 dxe5 5. Nxe5 c6 6. Be2 Bf5 7. c4 Nb4 8. Na3 e6 9. g4 Be4 10. f3 Qh4+ 11. Kf1 f6 12. fxe4 fxe5 13. Kg2 exd4 14.
Qxd4 Nd7 15. Rd1 O-O-O 16. Qxa7 Bc5 17. Qa8+ Nb8 18. Bf4 Qf2+ 0-1

[Event "*** SCC Grand Prix: Titled Tuesday Blitz"]
[Site "Chess.com"]
[Date "2020.06.23"]
[Round "8"]
[White "Yuri202062"]
[Black "VladimirBugayev"]
[Result "1-0"]
[WhiteElo "2416"]
[BlackElo "2277"]
[TimeControl "180+1"]
[EndTime "11:32:12 PDT"]
[Termination "Yuri202062 won by resignation"]

1. d4 d5 2. c4 c6 3. Nc3 Nf6 4. e3 e6 5. Nf3 Nbd7 6. Bd3 Bd6 7. e4 dxe4 8. Nxe4 Nxe4 9. Bxe4 e5 10. dxe5 Nxe5 11.
Nxe5 Qa5+ 12. Bd2 Qxe5 13. Qe2 O-O 14. Bc3 Qf4 15. g3 Qh6 16. O-O Bh3 17. Bg2 Bxg2 18. Kxg2 Rfe8 19. Qd3 Rad8 20. Rfe1 Be5 21. Rxe5 1-0

[Event "*** SCC Grand Prix: Titled Tuesday Blitz"]
[Site "Chess.com"]
[Date "2020.06.23"]
[Round "8"]
[White "NotFischer"]
[Black "Mikasinski"]
[Result "0-1"]
[WhiteElo "2193"]
[BlackElo "2371"]
[TimeControl "180+1"]
[EndTime "11:32:12 PDT"]
[Termination "Mikasinski won by resignation"]

1. Nf3 Nf6 2. g3 g6 3. Bg2 Bg7 4. O-O O-O 5. d4 d6 6. c4 Nc6 7. Nc3 a6 8. h3 Bd7 9. e4 Rb8 10. a4 Na5 11. Qd3 c5 12. Be3 cxd4 13. Nxd4 Qc8 14.
b3 Bxh3 15. Rac1 Bxg2 16. Kxg2 Nd7 17. Nd5 Re8 18. b4 Ne5 19. Qe2 Nac6 20. f4 Ng4 21.
Nb6 Nxe3+ 22. Qxe3 Bxd4 0-1

[Event "*** SCC Grand Prix: Titled Tuesday Blitz"]
[Site "Chess.com"]
[Date "2020.06.23"]
[Round "8"]
[White "chessablanca"]
[Black "Th3_Hound"]
[Result "0-1"]
[WhiteElo "2376"]
[BlackElo "2544"]
[TimeControl "180+1"]
[EndTime "11:32:21 PDT"]
[Termination "Th3_Hound won by resignation"]

1. Nf3 c5 2. c4 Nc6 3. Nc3 g6 4.
e3 Nf6 5. d4 cxd4 6. exd4 d5 7.
Be3 Bg7 8. Be2 O-O 9. O-O dxc4 10. Bxc4 b6 11. d5 Na5 12. Be2 Bb7 13. b4 Rc8 14. bxa5 Rxc3 15. axb6 axb6 16. Bd4 Nxd5 17. Bxc3 Nxc3 18.
Qc2 Be4 19. Qb2 Nxe2+ 20. Qxe2 Bd3 21. Qe3 Bxf1 22. Rxf1 Qd6 23. Rb1 Rc8 24. g3 Rc6 25. Nd2 Rc3 26. Qxb6 Qxd2 27. Qa5 Rc1+ 0-1

[Event "*** SCC Grand Prix: Titled Tuesday Blitz"]
[Site "Chess.com"]
[Date "2020.06.23"]
[Round "8"]
[White "zaur-mammadov"]
[Black "LogoCzar"]
[Result "1-0"]
[WhiteElo "2607"]
[BlackElo "2452"]
[TimeControl "180+1"]
[EndTime "11:32:23 PDT"]
[Termination "zaur-mammadov won by resignation"]

1. e4 e5 2. Nf3 Nc6 3. Nc3 Nf6 4.
Be2 Nxe4 5. Nxe4 d5 6. Nc3 d4 7.
Ne4 f5 8. Bd3 fxe4 9. Bxe4 Bg4 10. O-O Qf6 11. d3 O-O-O 12. Bg5 Bxf3 13. Bxf6 Bxd1 14. Bxd8 Bxc2 15. Rac1 Ba4 16. Bh4 Nb4 17. a3 Na6 18. f4 exf4 19. Rxf4 Bd6 20. Rf7 Be5 21.
Bf5+ Kb8 22. Re1 Bb3 23. Re7 1-0

[Event "*** SCC Grand Prix: Titled Tuesday Blitz"]
[Site "Chess.com"]
[Date "2020.06.23"]
[Round "8"]
[White "WonderChampion"]
[Black "AGW2016"]
[Result "1-0"]
[WhiteElo "2044"]
[BlackElo "2221"]
[TimeControl "180+1"]
[EndTime "11:32:34 PDT"]
[Termination "WonderChampion won by resignation"]

1. d4 Nf6 2. Bg5 d5 3. Nd2 Bf5 4. Bxf6 exf6 5. Ngf3 Bd6 6. e3 c6 7. c4 dxc4 8. Bxc4 O-O 9. O-O Nd7 10. e4 Be6 11.
Bxe6 fxe6 12. Qb3 Qe7 13. Nc4 b5 14. Nxd6 Qxd6 15. Rac1 Rac8 16. Rfd1 Nb6 17. e5 Qd5 18. Qc2 f5 19. b3 Rfd8 20. Qc5 Kf7 21. Ng5+ Kg8 22. Qxd5 exd5 23. Rd3 h6 24. Ne6 Re8 25. Nc5 a5 26. Nb7 Re7 27. Nd6 Rcc7 28. Nxf5 Re6 29.
Nd6 Nd7 30. Nxb5 Rb7 31. Nd6 Rb4 32. Rxc6 a4 33. g3 axb3 34. axb3 Rb8 35. Rdc3 Rf8 36. Rc7 Nxe5 37. dxe5 Rxe5 38. Re3 Ref5 39. Nxf5 Rxf5 40. Re8+ Kh7 41. Ree7 Rg5 42. f4 Rg6 43. b4 d4 44.
Rcd7 1-0

[Event "*** SCC Grand Prix: Titled Tuesday Blitz"]
[Site "Chess.com"]
[Date "2020.06.23"]
[Round "8"]
[White "WinstonSilvakov"]
[Black "AndrewDGreen"]
[Result "0-1"]
[WhiteElo "2140"]
[BlackElo "2302"]
[TimeControl "180+1"]
[EndTime "11:32:35 PDT"]
[Termination "AndrewDGreen won by resignation"]

1. d4 Nf6 2. e3 g6 3. h4 Bg7 4. h5 Nxh5 5. Rxh5 gxh5 6. Qxh5 d6 7. Nf3 Nd7 8. Ng5 Rf8 9. Ne6 Bf6 10. Nxd8 Kxd8 11. c4 b6 12. Qf3 Rb8 13. Nc3 Bb7 14.
d5 Ne5 15. Qf5 h6 16. Ne4 Bc8 17. Qh7 Rh8 18. Nxf6 Rxh7 19. Nxh7 Bf5 20. Nf8 Ke8 21. f4 Nd3+ 22. Bxd3 Bxd3 23. b3 Kxf8 24. Kd2 Be4 25. g3 f6 26. a3 Kf7 27. Ke2 Rg8 28. Kf2 h5 29. Bd2 h4 30. Rg1 h3 0-1

[Event "*** SCC Grand Prix: Titled Tuesday Blitz"]
[Site "Chess.com"]
[Date "2020.06.23"]
[Round "8"]
[White "LuisFSiles"]
[Black "Chigorinetz"]
[Result "0-1"]
[WhiteElo "2331"]
[BlackElo "2543"]
[TimeControl "180+1"]
[EndTime "11:32:39 PDT"]
[Termination "Chigorinetz won by resignation"]

1. e4 c5 2. Nf3 Nc6 3. c3 d5 4. exd5 Qxd5 5. d4 cxd4 6. cxd4 e5 7. Nc3 Bb4 8. Bd2 Bxc3 9. Bxc3 e4 10. Ne5 Nxe5 11.
dxe5 Ne7 12. e6 Bxe6 13. Bxg7 Rg8 14. Bc3 Qxd1+ 15. Kxd1 Nd5 16. Kc2 Rc8 17. Bb5+ Ke7 18. g3 Rc5 19. Ba4 b5 20. Bb3 b4 21. Rhe1 f5 22.
f3 bxc3 23. fxe4 Nb4+ 0-1

[Event "*** SCC Grand Prix: Titled Tuesday Blitz"]
[Site "Chess.com"]
[Date "2020.06.23"]
[Round "8"]
[White "Herracek"]
[Black "alexrustemov"]
[Result "0-1"]
[WhiteElo "2582"]
[BlackElo "2739"]
[TimeControl "180+1"]
[EndTime "11:32:48 PDT"]
[Termination "alexrustemov won by resignation"]

1. c4 c5 2. g3 g6 3. Bg2 Bg7 4. Nc3 Nc6 5. a3 b6 6. b4 Bxc3 7. dxc3 Bb7 8. Nf3 d6 9. O-O Qd7 10. Qb3 Nf6 11. Bh6 Ng4 12. Bh3 f5 13. Bf4 O-O 14.
Rfd1 h6 15. Qc2 Qe6 16. Rab1 g5 17. Bc1 Nce5 18. Nxe5 Nxe5 19. e4 Nf3+ 0-1

[Event "*** SCC Grand Prix: Titled Tuesday Blitz"]
[Site "Chess.com"]
[Date "2020.06.23"]
[Round "8"]
[White "deribas12345"]
[Black "Orest_Vovk"]
[Result "1-0"]
[WhiteElo "2569"]
[BlackElo "2402"]
[TimeControl "180+1"]
[EndTime "11:32:51 PDT"]
[Termination "deribas12345 won by resignation"]

1. d4 h6 2. c4 g5 3. h4 g4 4. g3 Bg7 5. Bg2 c5 6. d5 d6 7. Nc3 Bxc3+ 8. bxc3 Qa5 9. e4 Nf6 10. Ne2 Nbd7 11. O-O Ne5 12. Qb3 Qa6 13. Bf4 Nxc4 14.
Rfe1 Bd7 15. a4 Na5 16. Qc2 Qc4 17. Nc1 O-O-O 18. Bf1 Nxd5 19. Bxc4 Nxf4 20. gxf4 Nxc4 21. Qe2 Na5 22. c4 Be6 23. Nd3 Bxc4 24. Rac1 Ba6 25. Kh2 Rhg8 26. Qe3 Nb3 27. Rc3 Nd4 28. Qxd4 1-0

[Event "*** SCC Grand Prix: Titled Tuesday Blitz"]
[Site "Chess.com"]
[Date "2020.06.23"]
[Round "8"]
[White "profofchess"]
[Black "pastouche06"]
[Result "1-0"]
[WhiteElo "2386"]
[BlackElo "2455"]
[TimeControl "180+1"]
[EndTime "11:32:51 PDT"]
[Termination "profofchess won by resignation"]

1. e4 c6 2. d4 d5 3. f3 Qb6 4.
Nc3 dxe4 5. Nxe4 Bf5 6. c3 Nd7 7. Bd3 e6 8. Qe2 Be7 9. f4 Bg6 10. Nf3 Ngf6 11. Nxf6+ Nxf6 12. f5 Bxf5 13. Bxf5 exf5 14.
O-O Ne4 15. Ne5 g6 16. Bh6 f6 17. Nc4 Qa6 18. b3 Kf7 19. g4 Nxc3 20. Qf3 Nd5 21. gxf5 Rhg8 22. Kh1 g5 23. Qh5+ 1-0

[Event "*** SCC Grand Prix: Titled Tuesday Blitz"]
[Site "Chess.com"]
[Date "2020.06.23"]
[Round "8"]
[White "ALEXJR20"]
[Black "doctorcristian"]
[Result "0-1"]
[WhiteElo "2193"]
[BlackElo "2409"]
[TimeControl "180+1"]
[EndTime "11:32:57 PDT"]
[Termination "doctorcristian won by resignation"]

1. d4 d5 2. Nf3 Nf6 3. c4 dxc4 4. g3 b5 5. Bg2 Bb7 6. O-O Nbd7 7. a4 a6 8. Nc3 b4 9. Nb1 e6 10. Qc2 Bd5 11. Re1 b3 12. Qd1 Bb4 13. Nc3 Qb8 14.
Bf4 Qb7 15. Qb1 O-O 16. Nh4 Bxg2 17. Nxg2 c5 18. Rd1 cxd4 19. Rxd4 e5 20. Rxc4 exf4 21.
Nxf4 Ne5 22. Rd4 Rfd8 23. Qd1 Nc6 24. Rd3 Rxd3 25. Qxd3 Rd8 26. Qf3 Bxc3 27. Qxc3 Nd4 28. h4 Ne4 29. Qf3 Nxf3+ 0-1

[Event "*** SCC Grand Prix: Titled Tuesday Blitz"]
[Site "Chess.com"]
[Date "2020.06.23"]
[Round "8"]
[White "BigAl"]
[Black "vpsetter"]
[Result "1-0"]
[WhiteElo "2479"]
[BlackElo "2603"]
[TimeControl "180+1"]
[EndTime "11:32:59 PDT"]
[Termination "BigAl won by checkmate"]

1. e4 e5 2. Bc4 Nf6 3. d3 c6 4. Nf3 d5 5. Bb3 Bd6 6. Nc3 dxe4 7. dxe4 h6 8. h3 O-O 9. g4 Qe7 10. g5 hxg5 11. Bxg5 Bb4 12. Qe2 Be6 13. Rg1 Nbd7 14. Nh4 Bxc3+ 15. bxc3 Qc5 16. Rg3 Rfe8 17. Qf3 Nh7 18.
Bh6 g6 19. Nxg6 fxg6 20. Rxg6+ Kh8 21. Bg7+ Kg8 22. Bxe5# 1-0

[Event "*** SCC Grand Prix: Titled Tuesday Blitz"]
[Site "Chess.com"]
[Date "2020.06.23"]
[Round "8"]
[White "davigator"]
[Black "rugbyclub"]
[Result "1/2-1/2"]
[WhiteElo "2292"]
[BlackElo "2139"]
[TimeControl "180+1"]
[EndTime "11:33:00 PDT"]
[Termination "Game drawn by repetition"]

1. e4 e5 2. Nf3 Nc6 3. Bb5 a6 4. Ba4 Nf6 5. O-O Be7 6. Re1 b5 7. Bb3 O-O 8. a4 b4 9. d3 d5 10.
exd5 Nxd5 11. Nxe5 Nxe5 12. Rxe5 Bb7 13. Qf3 c6 14.
Nd2 Bd6 15. Re1 Qc7 16. g3 Rfe8 17. Rf1 Nf6 18. Ne4 Nxe4 19. dxe4 c5 20. Bd5 Bxd5 21. exd5 c4 22. Be3 Rad8 23. c3 b3 24. a5 Bc5 25. Bf4 Qb7 26. Rfd1 Rd7 27. Kg2 Red8 28. Ra4 Qb5 29. Raa1 Qb7 30. Ra4 Qb5 31. Raa1 Qb7 1/2-1/2

[Event "*** SCC Grand Prix: Titled Tuesday Blitz"]
[Site "Chess.com"]
[Date "2020.06.23"]
[Round "8"]
[White "Maghalashvili"]
[Black "ShimanovAlex"]
[Result "1-0"]
[WhiteElo "2808"]
[BlackElo "2861"]
[TimeControl "180+1"]
[EndTime "11:33:05 PDT"]
[Termination "Maghalashvili won by resignation"]

1. Nf3 d5 2. g3 Bg4 3. Bg2 Nd7 4.
d4 e6 5. h3 Bh5 6. O-O c6 7. c4 Ngf6 8. cxd5 exd5 9. Qb3 Nb6 10. Ne5 Bg6 11. Nc3 Bd6 12. a4 Qc7 13. a5 Nbd7 14.
Nxg6 hxg6 15. a6 b5 16. e4 dxe4 17. Nxe4 Nxe4 18. Bxe4 Rxh3 19. Bxg6 Nf6 20. Qe6+ Qe7 21. Bxf7+ Kf8 22. Qxh3 Kxf7 23. Bg5 Qe4 24. Bxf6 gxf6 25. Rfe1 Qf3 26. Qh7+ Kf8 27. Re3 Qd5 28. Qh8+ Qg8 29. Qxf6+ Qf7 30. Qxd6+ 1-0

[Event "*** SCC Grand Prix: Titled Tuesday Blitz"]
[Site "Chess.com"]
[Date "2020.06.23"]
[Round "8"]
[White "annamaja"]
[Black "OhanyanEminChess"]
[Result "0-1"]
[WhiteElo "2246"]
[BlackElo "2534"]
[TimeControl "180+1"]
[EndTime "11:33:08 PDT"]
[Termination "OhanyanEminChess won on time"]

1. e4 e5 2. Nf3 Nc6 3. Bb5 f5 4. d3 fxe4 5. dxe4 Nf6 6. Nc3 Bb4 7. O-O Bxc3 8. bxc3 d6 9. Re1 O-O 10. Bg5 Kh8 11. Nh4 Qe8 12. Re3 a6 13. Ba4 Bg4 14. Qd3 h6 15. Bxf6 Rxf6 16. h3 Bd7 17. Rf3 Qh5 18.
Nf5 Raf8 19. Ng3 Qf7 20. Rxf6 Qxf6 21. Rf1 Qh4 0-1

[Event "*** SCC Grand Prix: Titled Tuesday Blitz"]
[Site "Chess.com"]
[Date "2020.06.23"]
[Round "8"]
[White "dpopadic"]
[Black "AwareIdea"]
[Result "1-0"]
[WhiteElo "2356"]
[BlackElo "2500"]
[TimeControl "180+1"]
[EndTime "11:33:09 PDT"]
[Termination "dpopadic won by resignation"]

1. e4 c5 2. Nc3 d6 3. f4 g6 4.
Nf3 Bg7 5. Bc4 Nc6 6. d3 e6 7. O-O Nge7 8. Qe1 O-O 9. f5 d5 10. Bb3 dxe4 11. f6 Bxf6 12. Nxe4 Bg7 13. Bf4 b6 14. Rd1 Bb7 15. Nd6 Ba6 16. Ng5 Nd4 17. Qh4 h5 18. Ngxf7 Rxf7 19. Nxf7 Kxf7 20. Bc7+ Nef5 21. Bxd8 Nxb3 22. axb3 Ke8 23. Rxf5 Rxd8 1-0

[Event "*** SCC Grand Prix: Titled Tuesday Blitz"]
[Site "Chess.com"]
[Date "2020.06.23"]
[Round "8"]
[White "iaraldinho"]
[Black "Thej11"]
[Result "0-1"]
[WhiteElo "2536"]
[BlackElo "2492"]
[TimeControl "180+1"]
[EndTime "11:33:12 PDT"]
[Termination "Thej11 won by resignation"]

1. e4 c6 2. d4 d5 3. Nc3 a6 4. Nf3 Bg4 5. Be3 e6 6. h3 Bh5 7.
Be2 Bb4 8. Ne5 Bxe2 9. Qxe2 Bxc3+ 10. bxc3 Nf6 11. exd5 cxd5 12. Bg5 Qc7 13. O-O Ne4 14.
Bd2 Nc6 15. Nxc6 Qxc6 16. Rab1 O-O 17. Rb3 b5 18. f3 Ng3 19. Qf2 Nxf1 20. Qxf1 Qc4 21. Qe1 a5 22. Qg3 Kh8 23. Kh2 a4 24. Rb2 b4 25. cxb4 a3 26. Rb3 Qxc2 27. Bf4 Qxb3 0-1

[Event "*** SCC Grand Prix: Titled Tuesday Blitz"]
[Site "Chess.com"]
[Date "2020.06.23"]
[Round "8"]
[White "A-Fier"]
[Black "BilodeauA"]
[Result "0-1"]
[WhiteElo "2772"]
[BlackElo "2874"]
[TimeControl "180+1"]
[EndTime "11:33:14 PDT"]
[Termination "BilodeauA won by resignation"]

1. d4 d5 2. c4 dxc4 3. e3 e5 4. Bxc4 Nc6 5. Nf3 e4 6. Nfd2 Qg5 7. Bf1 Nf6 8. Nc3 Qg6 9. g3 Bf5 10. Bg2 O-O-O 11. O-O h5 12. f3 exf3 13. Qxf3 Bg4 14. Qf2 h4 15. Nde4 hxg3 16. Qxg3 Nxe4 17. Bxe4 f5 18.
Rxf5 Bxf5 19. Qxg6 Bxg6 20. Bxg6 Bd6 21. Bf5+ Kb8 22. h3 Rhf8 23. Bg4 Bb4 24. Bd2 Ne5 25. a3 Bxc3 26. bxc3 Nxg4 27. hxg4 Rf3 28. Kg2 Rdf8 29.
Rd1 Rf2+ 30. Kg3 g5 0-1

[Event "*** SCC Grand Prix: Titled Tuesday Blitz"]
[Site "Chess.com"]
[Date "2020.06.23"]
[Round "8"]
[White "Chessdreamer2020"]
[Black "GMMatamoros"]
[Result "1-0"]
[WhiteElo "2518"]
[BlackElo "2534"]
[TimeControl "180+1"]
[EndTime "11:33:20 PDT"]
[Termination "Chessdreamer2020 won by resignation"]

1. e4 c5 2. Nf3 Nc6 3. Bb5 g6 4. O-O Bg7 5. c3 Nf6 6. Qa4 O-O 7. d4 d5 8. e5 Ne4 9. Bxc6 bxc6 10. Qxc6 Rb8 11.
Qa4 Qb6 12. Nbd2 Ba6 13. Re1 Bd3 14. dxc5 Nxc5 15. Qd4 Bf5 16. Nb3 Nd3 17. Rd1 Qa6 18. Nc5 Nxc5 19. Qxc5 Be4 20. Ng5 Qe2 21. Be3 Rxb2 22.
e6 fxe6 23. Nxe4 dxe4 24. Qxe7 Qg4 25. Rd7 1-0

[Event "*** SCC Grand Prix: Titled Tuesday Blitz"]
[Site "Chess.com"]
[Date "2020.06.23"]
[Round "8"]
[White "Chepaschess"]
[Black "Parhamov"]
[Result "1/2-1/2"]
[WhiteElo "2859"]
[BlackElo "3064"]
[TimeControl "180+1"]
[EndTime "11:33:23 PDT"]
[Termination "Game drawn by agreement"]

1. e4 c5 2. Nf3 Nc6 3. Bb5 e6 4. O-O Nge7 5. Re1 a6 6. Bf1 d5 7. exd5 Nxd5 8. d4 Nf6 9. Be3 cxd4 10. Nxd4 Bd7 11. c4 Qc7 12. Nc3 Be7 13. h3 O-O 14. Nf3 Rac8 15. a3 Na5 16. Nd2 Rfd8 17. b4 Nc6 18.
Nf3 h6 19. Qb3 Be8 20. Rac1 Bd6 21. Na4 Ne5 22. Nxe5 Bxa4 23. Qxa4 Bxe5 24. Rcd1 Rxd1 25. Rxd1 Rd8 26. Rxd8+ Qxd8 27. g3 Ne4 28. Bg2 Nc3 29. Qc2 a5 30. c5 axb4 31. axb4 Qd7 32. Qd2 Nd5 33. b5 Qxb5 34. Bxd5 exd5 35. Qxd5 Bf6 36. Kg2 1/2-1/2

[Event "*** SCC Grand Prix: Titled Tuesday Blitz"]
[Site "Chess.com"]
[Date "2020.06.23"]
[Round "8"]
[White "LuckIsMySkill"]
[Black "realmadridtv"]
[Result "1-0"]
[WhiteElo "2724"]
[BlackElo "2488"]
[TimeControl "180+1"]
[EndTime "11:33:26 PDT"]
[Termination "LuckIsMySkill won by resignation"]

1. f4 g6 2. Nf3 Bg7 3. e4 d5 4. e5 c5 5. c3 Nc6 6. h3 f6 7. d4 Bf5 8. Be3 cxd4 9. Nxd4 Nxd4 10. cxd4 Bd7 11. Nc3 e6 12. Nb5 Bxb5 13. Bxb5+ Kf7 14. O-O Ne7 15. Rc1 Qb6 16. Qb3 Rhc8 17. Bf2 Rc7 18. Be8+ Kxe8 19. Qxb6 axb6 20. Rxc7 Rxa2 21.
Rxb7 Rxb2 22. Ra1 Rc2 23. Bh4 g5 24. Raa7 1-0

[Event "*** SCC Grand Prix: Titled Tuesday Blitz"]
[Site "Chess.com"]
[Date "2020.06.23"]
[Round "8"]
[White "Ural_bogatyr"]
[Black "KingChess345"]
[Result "1-0"]
[WhiteElo "2322"]
[BlackElo "2170"]
[TimeControl "180+1"]
[EndTime "11:33:28 PDT"]
[Termination "Ural_bogatyr won by resignation"]

1. e4 c5 2. Nf3 Nc6 3. d4 cxd4 4. Nxd4 Nf6 5. Nc3 e5 6. Nf5 d5 7. exd5 Bxf5 8. dxc6 bxc6 9. Qf3 Qd7 10. Ba6 Be7 11.
Bb7 e4 12. Qf4 Qxb7 13. Qxf5 O-O 14. O-O Rfe8 15. Nxe4 Nxe4 16. Qxe4 Bf6 17. Qf3 Rab8 18. Bf4 Bxb2 19. Rab1 Rbd8 20. Bc1 Qa6 21. Bxb2 Qxa2 22. Qxc6 Rc8 23. Qd7 Red8 24. Qg4 g6 25. Qf4 f5 26. Qe5 1-0

[Event "*** SCC Grand Prix: Titled Tuesday Blitz"]
[Site "Chess.com"]
[Date "2020.06.23"]
[Round "8"]
[White "VMikhalevski"]
[Black "Guenplen"]
[Result "0-1"]
[WhiteElo "2800"]
[BlackElo "2927"]
[TimeControl "180+1"]
[EndTime "11:33:29 PDT"]
[Termination "Guenplen won by resignation"]

1. d4 d5 2. c4 e6 3. Nf3 Nf6 4. g3 Be7 5. Bg2 O-O 6. O-O Nbd7 7. Qc2 c6 8. b3 b6 9. Nc3 Ba6 10. Nd2 Rc8 11. Rd1 c5 12. dxc5 d4 13. Nb5 Bxb5 14.
cxb5 Rxc5 15. Nc4 Ne5 16. Ba3 Rxc4 17. bxc4 Bxa3 18. e3 Bc5 19. Rd2 Neg4 20. h3 Nxf2 21. exd4 Bxd4 22. Kh2 N6g4+ 23. hxg4 Nxg4+ 24. Kh3 Qg5 25.
Bc6 Qh5+ 26. Kg2 Ne3+ 0-1

[Event "*** SCC Grand Prix: Titled Tuesday Blitz"]
[Site "Chess.com"]
[Date "2020.06.23"]
[Round "8"]
[White "Stronger1799"]
[Black "dopolian"]
[Result "1-0"]
[WhiteElo "2479"]
[BlackElo "2355"]
[TimeControl "180+1"]
[EndTime "11:33:31 PDT"]
[Termination "Stronger1799 won on time"]

1. e4 e5 2. Nf3 Nc6 3. Bb5 a6 4. Ba4 Nf6 5. d4 exd4 6. O-O Nxe4 7. Re1 d5 8. Nxd4 Bc5 9. Bxc6+ bxc6 10. f3 O-O 11.
fxe4 dxe4 12. Be3 f5 13. Nc3 Qf6 14. Qe2 Rd8 15. Qc4+ Kh8 16. Qxc5 f4 17. Nxe4 Qg6 18. Bxf4 Bh3 19. Ng5 Bd7 20. Re7 Rf8 21. Rf1 1-0

[Event "*** SCC Grand Prix: Titled Tuesday Blitz"]
[Site "Chess.com"]
[Date "2020.06.23"]
[Round "8"]
[White "otrov-11"]
[Black "gumimis"]
[Result "1-0"]
[WhiteElo "2389"]
[BlackElo "2161"]
[TimeControl "180+1"]
[EndTime "11:33:35 PDT"]
[Termination "otrov-11 won on time"]

1. d4 Nf6 2. c4 g6 3. Nc3 Bg7 4. e4 O-O 5. f4 d6 6. Nf3 Na6 7. Bd3 e5 8. fxe5 dxe5 9. d5 Nc5 10. Bc2 a5 11. Be3 Qe7 12. O-O Ng4 13. Bg5 f6 14. Bh4 Ne3 15. Qe2 Nxf1 16. Rxf1 Bd7 17. Bf2 b6 18.
Be3 f5 19. exf5 gxf5 20. Bg5 Qd6 21. Qd2 e4 22. Nd4 h6 23. Bf4 Qf6 24. Nde2 Na6 25.
Be3 Rad8 26. Nxe4 Qe5 27. N4c3 Rde8 28. Bd4 Qe7 29. Bxg7 Qxg7 30. Nd4 Nb4 31. Bb1 f4 32.
a3 Na6 33. Nf3 1-0

[Event "*** SCC Grand Prix: Titled Tuesday Blitz"]
[Site "Chess.com"]
[Date "2020.06.23"]
[Round "8"]
[White "talaicito"]
[Black "CroissantNeuf"]
[Result "0-1"]
[WhiteElo "2119"]
[BlackElo "2382"]
[TimeControl "180+1"]
[EndTime "11:33:37 PDT"]
[Termination "CroissantNeuf won by checkmate"]

1. d4 Nf6 2. Nc3 d5 3. Bf4 a6 4. e3 e6 5. Nf3 Bb4 6. Bd3 c5 7. dxc5 Nbd7 8. O-O Bxc3 9. bxc3 Nxc5 10. c4 Nxd3 11.
cxd3 O-O 12. Rb1 dxc4 13. dxc4 Qxd1 14. Rfxd1 Ne4 15. Rb6 f6 16. Bd6 Rd8 17. Rd4 Nc3 18.
Rd2 e5 19. c5 Ne4 20. Rc2 Bf5 21. Nh4 Nxd6 22. Nxf5 Nxf5 23. Rxb7 Rd1# 0-1

[Event "*** SCC Grand Prix: Titled Tuesday Blitz"]
[Site "Chess.com"]
[Date "2020.06.23"]
[Round "8"]
[White "jlandaw"]
[Black "albano87"]
[Result "0-1"]
[WhiteElo "2539"]
[BlackElo "2389"]
[TimeControl "180+1"]
[EndTime "11:33:39 PDT"]
[Termination "albano87 won by resignation"]

1. e4 c5 2. Nc3 a6 3. g3 b5 4. Bg2 Bb7 5. d3 e6 6. f4 d5 7. Nh3 Nf6 8. e5 Nfd7 9. Ne2 Qc7 10. c3 Nc6 11. O-O Be7 12. d4 b4 13. f5 exf5 14. Rxf5 Nb6 15. Rf1 Rc8 16. Nef4 cxd4 17. Nxd5 Nxd5 18. Bxd5 O-O 19. cxd4 Nxd4 20. Bxb7 Qxb7 21.
Be3 Nc2 22. Qd3 Nxe3 0-1

[Event "*** SCC Grand Prix: Titled Tuesday Blitz"]
[Site "Chess.com"]
[Date "2020.06.23"]
[Round "8"]
[White "Logman74"]
[Black "abykhovsky"]
[Result "0-1"]
[WhiteElo "2471"]
[BlackElo "2688"]
[TimeControl "180+1"]
[EndTime "11:33:41 PDT"]
[Termination "abykhovsky won on time"]

1. e4 e6 2. d4 d5 3. Nc3 Bb4 4.
e5 c5 5. a3 Bxc3+ 6. bxc3 Ne7 7. Nf3 Qa5 8. Bd2 Qa4 9. Qb1 c4 10. g3 Nd7 11. h4 Nb6 12. Bh3 Bd7 13. O-O Qb5 14. Qb4 Qxb4 15. axb4 Ba4 16. Ra2 a6 17. h5 h6 18. Nh4 Bd7 19. f4 f6 20. exf6 gxf6 21. f5 exf5 22. Nxf5 Nxf5 23. Bxf5 Bxf5 24. Rxf5 Kf7 25. Ra1 Rae8 26. Raf1 Re6 27. Bf4 Kg7 0-1

[Event "*** SCC Grand Prix: Titled Tuesday Blitz"]
[Site "Chess.com"]
[Date "2020.06.23"]
[Round "8"]
[White "LiverpooL174"]
[Black "gmcorrales"]
[Result "1-0"]
[WhiteElo "2705"]
[BlackElo "2809"]
[TimeControl "180+1"]
[EndTime "11:33:46 PDT"]
[Termination "LiverpooL174 won on time"]

1. e4 c5 2. Nf3 d6 3. d4 cxd4 4. Qxd4 Nc6 5. Bb5 Bd7 6. Bxc6 Bxc6 7. Nc3 Nf6 8. Bg5 e6 9. O-O-O h6 10. Bxf6 Qxf6 11. e5 dxe5 12. Nxe5 Qe7 13. Rhe1 Qc7 14. Nxc6 bxc6 15. Ne4 Rd8 16. Qc3 Rxd1+ 17. Rxd1 h5 18. Kb1 Rh6 19. h4 Rg6 20. g3 Rg4 21. f4 Be7 22.
Nf2 Rg6 23. Nh3 Rf6 24. Ng5 Qb6 25. b3 Qc5 26. Qxc5 Bxc5 27. Ne4 Rf5 28. Kb2 Be7 29. c4 Ra5 30. a4 Ra6 31. c5 f5 32. Nd6+ Kf8 33. Kc3 1-0